 Dungeon Crawl Stone Soup version 0.20-a0-303-g575bbf7 (webtiles) character file.

20 Junicave the Digger (level 2, 11/15 HPs)
             Began as a Gargoyle Earth Elementalist on Dec 17, 2016.
             Quit the game on level 1 of the Dungeon.
             The game lasted 00:02:41 (923 turns).

Junicave the Digger (Gargoyle Earth Elementalist)    Turns: 923, Time: 00:02:42

Health: 11/15      AC:  5    Str: 11    XL:     2   Next: 79%
Magic:  5/5        EV: 11    Int: 15    God:
Gold:   58         SH:  0    Dex: 10    Spells: 4/5 levels left

rFire  . . .     SeeInvis .     n - +2 dagger (pain)
rCold  . . .     Gourm    .     o - -1 leather armour (curse)
rNeg   + . .     Faith    .     (no shield)
rPois  ∞         Spirit   .     (no helmet)
rElec  +         Reflect  .     h - +0 cloak
rCorr  .         Harm     .     (no gloves)
MR     .....                    (no boots)
Stlth  ++........               (no amulet)
                                (no ring)
                                (no ring)

@: no status effects
A: negative energy resistance 1, electricity resistance, unbreathing,
petrification resistance, rot immunity, AC +2
a: no special abilities


You were on level 1 of the Dungeon.
You were not hungry.

You visited 1 branch of the dungeon, and saw 1 of its levels.

You collected 58 gold pieces.

Inventory:

Hand Weapons
 n - a +2 dagger of pain (weapon)
Missiles
 b - 65 stones (quivered)
Armour
 c - a +0 robe
 h - a +0 cloak (worn)
 o - a cursed -1 leather armour (worn)
Scrolls
 a - a scroll of enchant armour {unknown}
 f - 3 scrolls of recharging {unknown}
 g - a scroll of noise {unknown}
 i - a scroll of remove curse {unknown}
 l - a scroll of identify {unknown}
 p - a scroll of enchant weapon {unknown}
Potions
 k - a potion of curing {unknown}
 m - 2 potions of degeneration {unknown}
Books
 e - a book of Geomancy

   Spells                             Type                      Level
   a - Sandblast                      Earth                        1
   b - Passwall                       Transmutation/Earth          2
   c - Stone Arrow                    Conjuration/Earth            3
   d - Petrify                        Transmutation/Earth          4
   e - Lee's Rapid Deconstruction     Earth                        5
Comestibles
 d - a bread ration
 j - 4 chunks of flesh


   Skills:
 + Level 2.0 Dodging
 - Level 2.1 Stealth
 + Level 2.4 Spellcasting
   Level 0.7 Transmutations
 + Level 3.9 Earth Magic


You had 4 spell levels left.
You knew the following spells:

 Your Spells              Type           Power        Failure   Level  Hunger
a - Sandblast             Erth           ##....       6%          1    #......


Dungeon Overview and Level Annotations

Branches:
Dungeon (1/15)

Altars:


Innate Abilities, Weirdness & Mutations

You are resistant to torment.
Your stone body is resilient. (AC +2)
You are immune to poison.
You resist negative energy. (rN+)
You are resistant to electric shocks. (rElec)
You can survive without breathing.
You are immune to petrification.
You are immune to rotting.


Message History

You see here a rat corpse.
You butcher the rat corpse.
j - 4 chunks of flesh (gained 1)
You see here a glowing leather armour.
o - a glowing leather armour You start removing your armour.
You continue taking off your +0 robe. x4
You finish taking off your +0 robe.
You start putting on your armour.
You continue putting on your glowing leather armour. x5
You finish putting on your cursed -1 leather armour.
Oops, that feels deathly cold.
Found a leather armour.
Found 3 gold pieces.
Found a scroll labeled CICUGA GAOS.
Found a dagger.
You see here a leather armour.
Found a scroll labeled QEAKLI AXUTZ.
You now have 58 gold pieces (gained 3).
p - a scroll labeled CICUGA GAOS Are you sure you want to abandon this character and quit the game? (Confirm with "yes".)

#.≈≈PP≈##.......÷#..............
#.≈PP≈≈##.##.....#......########
#P≈P≈≈.##.##.#.### ..... .
#.≈P≈.P##.####.# .#.... #
#.≈≈≈.(##.# #.## ?.....
#≈≈≈...##.####..##......
#≈≈.<.♣#...............
#≈....♣#..####....# ...
#≈...P♣#..##...@..#....
#≈...♣♣#............... #≈..♣♣
#..#.....#.#....
###'#####...[........#.#
....#..............#.# #
..#.#...#.#........#.#
#.#.............##...#
#.##..#########.# .).#
................# #..#


There were no monsters in sight!

Vanquished Creatures
  A dart slug (D:1)
  2 ball pythons (D:1)
  2 bats (D:1)
  A giant cockroach (D:1)
  A goblin (D:1)
  4 jackals (D:1)
  3 kobolds (D:1)
  A rat (D:1)
15 creatures vanquished.

Notes
Turn   | Place    | Note
-------+----------+-------------------------------------------
     0 | D:1      | Junicave the Gargoyle Earth Elementalist began the quest for the Orb.
     0 | D:1      | Reached XP level 1. HP: 10/10 MP: 3/3
   300 | D:1      | Reached XP level 2. HP: 7/15 MP: 0/5
   923 | D:1      | Quit the game

Vault maps used:
D:1:      tarquinn_simple_flora_water_c, grunt_decor_one_mirror

Skill      XL: |  1  2 |
---------------+-------+-----
Dodging        | 2 |  2.0
Stealth        | |  2.1
Spellcasting   | |  2.4
Transmutations | |  0.7
Earth Magic    | |  3.9

Action                   || total
-------------------------++-------
Melee: Unarmed           ||    86
 Cast: Sandblast         ||    14
Armor: Robe              ||    44
Dodge: Dodged            ||    70
